Map: [ESL] Post-Youth

Players

Nina

  • Race: Protoss Protoss
  • Spawn Location: 7:00

SpeCial - Winner!

  • Race: Terran Terran
  • Spawn Location: 1:00

Event: ESL SC2 Masters 2024 Spring (Regional)

VOD

Have the link to the VOD?

Description

Time

  • Played on: April 21, 2024, 1:06 p.m.
  • Length: 15:46

All games in this series

Show
View Real Time Build Order
Export as new Build Order

Nina Protoss 

Build Orders: 1 Gate Expand, Blink Stalkers 

Get SALT Encoding   

  12  0:00  Probe  
  13  0:12  Probe  
  14  0:18  Pylon  
  14  0:24  Probe  
  15  0:37  Probe (Chrono Boost), Gateway  
  16  0:46  Assimilator  
  16  0:47  Probe (Chrono Boost)  
  17  0:52  Probe (Chrono Boost)  
  18  1:03  Probe  
  19  1:15  Probe  
  20  1:25  Cybernetics Core  
  20  1:33  Nexus  
  20  1:37  Probe  
  21  1:46  Pylon  
  21  1:49  Probe  
  22  1:56  Assimilator  
  22  2:01  Probe  
  22  2:03  Stalker (Chrono Boost)  
  25  2:09  Warp Gate  
  25  2:13  Probe  
  25  2:25  Stalker, Probe  
  28  2:38  Probe (Chrono Boost)  
  29  2:44  Twilight Council  
  29  2:47  Probe (Chrono Boost)  
  29  2:50  Probe (Chrono Boost)  
  31  2:55  Stalker  
  31  2:56  Probe (Chrono Boost)  
  31  2:57  Probe (Chrono Boost)  
  35  3:01  Probe (Chrono Boost)  
  35  3:05  Probe, Gateway  
  37  3:13  Probe  
  37  3:14  Blink (Chrono Boost)  
  37  3:17  Probe  
  39  3:20  Pylon  
  39  3:25  Probe  
  40  3:30  Probe  
  41  3:34  Gateway  
  41  3:37  Probe  
  42  3:42  Probe  
  42  3:46  Shield Battery  
  43  3:49  Assimilator  
  43  3:51  Probe  
  44  3:58  Probe  
  44  4:00  Stalker x2  
  49  4:03  Probe  
  45  4:25  Stalker x2  
  45  4:26  Probe x2  
  45  4:28  Shield Battery  
  51  4:35  Robotics Facility  
  51  4:37  Stalker  
  51  4:38  Probe  
  54  4:40  Pylon  
  54  4:56  Nexus  
  54  4:58  Probe  
  55  5:13  Probe  
  49  5:15  Stalker x3, Probe  
  56  5:23  Charge (Chrono Boost)  
  56  5:25  Probe  
  56  5:27  Probe  
  58  5:37  Probe  
  58  5:38  Warp Prism  
  58  5:40  Probe  
  62  5:42  Pylon  
  62  5:49  Gateway  
  62  5:53  Gateway  
  62  5:58  Gateway  
  62  6:03  Gateway  
  62  6:06  Probe x2  
  62  6:09  Sentry  
  62  6:10  Sentry  
  67  6:13  Probe  
  67  6:18  Zealot  
  64  6:26  Probe  
  64  6:31  Probe  
  54  6:38  Stalker x2  
  57  6:49  Zealot x2  
  57  6:50  Zealot  
  63  6:57  Pylon  
  63  7:06  Nexus  
  63  7:07  Zealot x2  
  67  7:15  Probe  
  68  7:17  Probe  
  68  7:19  Templar Archives  
  68  7:22  Forge  
  69  7:25  Pylon  
  69  7:27  Probe  
  69  7:28  Observer (Chrono Boost)  
  70  7:34  Forge  
  70  7:35  Psionic Storm  
  71  7:37  Probe  
  71  7:39  Zealot x2  
  76  7:50  Zealot x2  
  80  7:51  Probe  
  80  7:52  Probe  
  82  8:01  High Templar x2  
  82  8:04  Protoss Ground Weapons Level 1 (Chrono Boost)  
  86  8:07  Pylon, Protoss Ground Armor Level 1 (Chrono Boost)  
  86  8:08  Probe  
  86  8:21  Probe (Chrono Boost)  
  86  8:22  High Templar x2  
  86  8:23  Zealot x2  
  86  8:24  Probe (Chrono Boost)  
  97  8:29  Archon, Observer  
  97  8:30  Zealot  
  97  8:31  Probe (Chrono Boost)  
  101  8:35  Probe (Chrono Boost)  
  101  8:36  Probe (Chrono Boost)  
  102  8:45  Zealot x3  
  106  8:52  Zealot  
  84  9:04  High Templar  
  84  9:05  Zealot x4  
  84  9:07  Observer  
  84  9:08  High Templar  
  96  9:10  Assimilator  
  96  9:11  Assimilator, Probe  
  96  9:15  Zealot  
  99  9:22  Probe  
  100  9:25  Zealot x4, Shield Battery  
  100  9:26  Probe  
  109  9:31  Pylon x2  
  109  9:34  Pylon  
  101  9:47  Archon  
  101  9:50  Stalker x3  
  91  9:56  Probe x2  
  88  10:00  Probe  
  88  10:06  Robotics Bay  
  88  10:07  Nexus  
  88  10:08  Robotics Facility, Probe (Chrono Boost)  
  88  10:09  Pylon  
  90  10:14  Observer, Probe (Chrono Boost)  
  90  10:17  Protoss Ground Weapons Level 2 (Chrono Boost), Protoss Ground Armor Level 2 (Chrono Boost)  
  92  10:21  Probe x2 (Chrono Boost)  
  92  10:28  Zealot x4  
  98  10:29  Observer  
  98  10:35  Probe  
  102  10:39  Zealot x3  
  102  10:42  Pylon  
  105  10:51  Colossus (Chrono Boost)  
  105  10:53  Colossus (Chrono Boost)  
  111  10:58  Probe  
  110  11:11  Zealot x3  
  110  11:13  Extended Thermal Lance  
  110  11:14  Probe  
  110  11:15  Probe x2  
  113  11:19  Probe  
  113  11:20  Assimilator  
  113  11:23  Zealot  
  113  11:24  Zealot  
  118  11:26  Probe  
  118  11:27  Probe  
  118  11:30  Zealot x2  
  122  11:35  Zealot x3  
  122  11:37  Disruptor (Chrono Boost)  
  132  11:43  Disruptor (Chrono Boost)  
  136  11:50  Stalker x2  
  136  11:51  Probe  
  136  11:54  Probe  
  142  11:56  Probe x2  
  142  11:59  Shield Battery  
  144  12:03  Probe  
  144  12:05  Disruptor (Chrono Boost)  
  144  12:06  Probe  
  144  12:08  Observer (Chrono Boost), Probe  
  150  12:13  Zealot x6  
  164  12:28  Pylon  
  164  12:30  Pylon, Nexus  
  164  12:31  Pylon  
  164  12:32  Pylon  
  164  12:36  Disruptor  
  164  12:42  Disruptor  
  161  12:45  Zealot  
  157  13:04  Zealot x5  
  157  13:05  Zealot  
  153  13:06  Zealot  
  153  13:07  Protoss Ground Weapons Level 3 (Chrono Boost)  
  153  13:08  Probe x2  
  153  13:10  Assimilator  
  153  13:12  Gateway  
  155  13:14  Assimilator  
  155  13:17  Gateway  
  147  13:28  Stalker x2, Colossus  
  147  13:29  Stalker x4  
  147  13:31  Colossus  
  157  14:00  Zealot x6  
  157  14:01  Zealot  
  157  14:02  Probe  
  165  14:11  Probe  
  165  14:13  Probe x2  
  165  14:15  Disruptor  
  168  14:17  Probe  
  168  14:21  Probe  
  168  14:24  Probe (Chrono Boost)  
  175  14:25  Colossus  
  175  14:28  Stalker x3  
  175  14:29  Stalker  
  175  14:30  Photon Cannon, Probe (Chrono Boost)  
  190  14:33  Pylon  
  192  14:40  Probe (Chrono Boost)  
  192  14:41  Probe (Chrono Boost)  
  192  14:42  Photon Cannon, Probe (Chrono Boost)  
  192  14:43  Photon Cannon  
  192  14:44  High Templar, Probe (Chrono Boost)  
  196  14:45  High Templar  
  196  14:48  Observer  
  145  15:01  Stalker x4  
  145  15:02  Stalker  
  100  15:14  Stalker x5  
  100  15:15  Stalker  
  114  15:32  Archon  
  114  15:34  Zealot x3  
Show
View Real Time Build Order
Export as new Build Order

SpeCial Terran - Winner!

Build Orders: Liberator Opening 

Get SALT Encoding   

  12  0:00  SCV  
  13  0:12  SCV  
  14  0:17  Supply Depot  
  14  0:24  SCV  
  15  0:39  SCV  
  15  0:40  Barracks  
  16  0:44  Refinery  
  16  0:51  SCV  
  16  0:53  Refinery  
  17  1:03  SCV  
  18  1:15  SCV  
  19  1:27  Orbital Command, Reaper  
  19  1:30  Supply Depot  
  20  1:43  Factory  
  20  1:55  SCV  
  21  2:02  Barracks Reactor  
  21  2:07  SCV  
  22  2:20  SCV  
  23  2:24  Command Center  
  23  2:32  Starport  
  23  2:38  Widow Mine  
  23  2:39  SCV  
  26  2:45  Marine x2  
  28  2:53  SCV, Supply Depot  
  29  3:02  Marine  
  29  3:03  Marine  
  31  3:15  SCV, Medivac, Widow Mine  
  36  3:20  Marine x2  
  38  3:27  SCV  
  39  3:38  Orbital Command, Marine x2  
  39  3:39  SCV, Factory Tech Lab  
  42  3:49  Liberator  
  42  3:53  SCV  
  46  3:56  Marine x2  
  47  4:03  Siege Tank  
  47  4:05  SCV  
  47  4:08  SCV  
  52  4:11  Supply Depot  
  52  4:14  Marine x2  
  52  4:17  SCV  
  52  4:24  SCV  
  52  4:29  SCV  
  53  4:32  Marine x2  
  53  4:33  Supply Depot  
  53  4:36  SCV, Siege Tank  
  59  4:44  Barracks  
  59  4:49  Refinery  
  59  4:50  SCV x2, Marine  
  62  4:54  Marine  
  62  4:55  Supply Depot  
  63  5:03  Medivac  
  61  5:08  Marine  
  61  5:11  SCV  
  61  5:12  Siege Tank, Marine  
  65  5:17  Engineering Bay  
  65  5:18  SCV  
  66  5:23  SCV  
  66  5:26  Barracks, Marine  
  68  5:29  Refinery, Marine  
  68  5:33  SCV  
  68  5:35  SCV  
  71  5:41  Starport Reactor, Supply Depot  
  70  5:43  Marine  
  70  5:47  Marine  
  70  5:48  SCV x2  
  70  5:49  Terran Infantry Weapons Level 1  
  74  5:53  Factory Reactor  
  74  5:54  Marine  
  74  5:55  Stimpack  
  75  6:01  Marine  
  75  6:02  SCV x2  
  78  6:05  Marine  
  79  6:12  Command Center  
  79  6:16  Barracks Tech Lab, Marauder  
  81  6:19  Marine  
  81  6:23  Marine  
  79  6:27  SCV  
  77  6:34  Medivac x2, Combat Shield  
  77  6:36  SCV  
  77  6:37  Marauder, Marine  
  85  6:41  Supply Depot, Marine  
  85  6:44  Barracks  
  85  6:45  Barracks  
  86  6:49  Marauder  
  85  6:55  Marine  
  85  7:01  Missile Turret  
  86  7:02  Widow Mine x2, Marine  
  86  7:04  Supply Depot  
  86  7:08  SCV x2  
  92  7:12  Marine  
  93  7:20  Marine  
  94  7:24  Widow Mine, Viking x2  
  94  7:25  Widow Mine  
  94  7:29  Marauder  
  104  7:30  Marine  
  104  7:31  Marauder  
  104  7:35  Barracks Tech Lab, Barracks Reactor  
  107  7:38  SCV x2, Marine  
  107  7:40  Orbital Command  
  110  7:44  Concussive Shells  
  110  7:45  Widow Mine  
  112  7:53  Marine  
  112  7:54  Marauder x2  
  112  7:55  Marine, Marauder  
  120  8:02  SCV  
  120  8:04  Missile Turret  
  125  8:07  SCV x2, Viking  
  125  8:11  Supply Depot  
  125  8:15  SCV  
  125  8:19  Supply Depot, Ghost Academy  
  124  8:21  Supply Depot, Viking  
  124  8:22  SCV  
  124  8:24  Supply Depot  
  127  8:29  Marine x4  
  127  8:34  Widow Mine x2  
  135  8:40  SCV x3  
  138  8:49  Ghost x3  
  144  9:02  Marine  
  131  9:03  Widow Mine  
  131  9:04  Widow Mine  
  131  9:08  Refinery  
  135  9:10  SCV x3, Terran Infantry Armor Level 1, Refinery  
  135  9:11  Supply Depot  
  135  9:12  Medivac  
  135  9:15  Medivac  
  135  9:16  Marine  
  143  9:18  Marauder  
  143  9:20  Marine x3  
  148  9:26  Supply Depot x2  
  148  9:34  SCV x2  
  150  9:44  Marine  
  150  9:45  Marauder  
  132  9:46  Marauder, Marine  
  132  9:49  Widow Mine x2, Medivac  
  121  9:56  Marauder, Marine  
  107  10:03  Marine x2  
  107  10:04  Marine  
  107  10:06  SCV x2, Marauder  
  112  10:09  Sensor Tower  
  112  10:10  Widow Mine x2  
  116  10:16  Armory  
  116  10:18  Marine  
  116  10:21  Marine x3  
  120  10:29  Command Center  
  120  10:31  Widow Mine  
  120  10:32  Widow Mine  
  120  10:33  Ghost x2  
  128  10:38  Ghost  
  128  10:42  Marine  
  131  10:43  Marine  
  131  10:44  Marine x2  
  127  10:58  Barracks  
  127  10:59  Barracks  
  127  11:01  Ghost  
  127  11:03  Medivac x2  
  130  11:06  Marine x2  
  130  11:07  Terran Infantry Weapons Level 2, Marine  
  128  11:16  Terran Ship Weapons Level 1  
  128  11:17  Supply Depot  
  128  11:18  Marine x2  
  130  11:21  Marauder  
  130  11:24  Marine x2  
  134  11:31  Marauder  
  134  11:32  Marine  
  137  11:33  SCV x2, Viking x2  
  137  11:36  Marauder, Marine  
  146  11:42  Marine x2  
  146  11:43  Marauder  
  149  11:48  Barracks Tech Lab  
  149  11:49  Barracks Tech Lab  
  149  11:50  Marine  
  149  11:52  Marine  
  149  11:53  Marine  
  152  11:58  Marauder  
  152  11:59  Marine  
  152  12:00  Marine  
  154  12:04  Marauder, Viking  
  154  12:07  Marauder, Marine  
  154  12:08  Marine  
  162  12:10  Marauder  
  162  12:11  Marine  
  165  12:19  Marauder  
  167  12:25  Marauder  
  167  12:28  Planetary Fortress  
  167  12:29  Marine  
  172  12:30  Marauder  
  172  12:31  Marine  
  172  12:32  Marauder  
  173  12:40  Marauder, Marine  
  171  12:47  Viking x2  
  171  12:48  Marauder, Marine x3  
  171  12:49  Marine  
  171  12:51  Engineering Bay  
  171  13:00  Marine  
  171  13:01  Marauder  
  171  13:05  Marine  
  149  13:06  Marine, Marauder  
  149  13:07  Marauder  
  149  13:11  Marine x2  
  149  13:12  Marauder  
  157  13:18  Starport, Marine  
  155  13:22  Marauder  
  155  13:23  Marine  
  147  13:28  Marauder, Marine x2  
  147  13:29  Marine x2  
  147  13:34  Marauder  
  155  13:36  Marine  
  155  13:41  Marine  
  157  13:43  Marine  
  157  13:46  Marauder, Marine  
  157  13:47  Marine x2, Viking x2  
  165  13:50  Marauder  
  165  13:54  Marine  
  165  13:55  Marauder  
  169  13:59  Marine  
  169  14:01  Medivac x2, Ghost  
  159  14:04  Marine x2  
  159  14:05  Marine  
  159  14:06  Barracks  
  159  14:07  Ghost  
  159  14:08  Missile Turret  
  164  14:11  Marine x2  
  164  14:15  Ghost  
  164  14:16  Marine  
  169  14:21  Marine  
  170  14:27  Marine x2  
  170  14:28  Ghost  
  170  14:30  Ghost  
  176  14:32  Marine  
  176  14:35  Marauder  
  176  14:36  Medivac, Marine  
  176  14:38  Medivac  
  184  14:39  Marine  
  184  14:41  Medivac  
  184  14:44  Medivac  
  189  14:48  Marauder, Marine  
  157  15:00  Marauder  
  157  15:01  Marine  
  157  15:02  Marauder  
  149  15:08  Marine x2, Marauder x2  
  153  15:20  Marauder, Marine x3  
  158  15:27  Marine  
Tags
 
Add a new tag
Caveats
  • Supply blocks, unpowered buildings, or Contaminate may cause inaccurate times.
  • Supply counts are checked every 10 seconds.